 Dungeon Crawl Stone Soup version 0.29-a0-330-g52719c12eb (webtiles) character file.

Game seed: 6151311278925597615

189 kae the Firebug (level 5, -9/38 HPs)
             Began as a Demigod Fire Elementalist on May 19, 2022.
             Mangled by Menkaure (14 damage)
             ... on level 4 of the Dungeon.
             The game lasted 00:02:27 (4930 turns).

kae the Firebug (Demigod Fire Elementalist)         Turns: 4930, Time: 00:02:28

Health: -9/38      AC:  3    Str:  9    XL:     5   Next: 17%
Magic:  5/12       EV: 10    Int: 21    God:
Gold:   97         SH:  8    Dex: 14    Spells: 3/9 levels left

rFire   . . .      SeeInvis .   c - +0 whip
rCold   . . .      Faith    .   i - +0 kite shield
rNeg    . . .      Spirit   .   a - +0 robe
rPois   .          Reflect  .   (no helmet)
rElec   .          Harm     .   (no cloak)
rCorr   .          Rampage  .   e - +0 pair of gloves
Will    .....                   (no boots)
Stlth   ++........              (no amulet)
HPRegen 0.12/turn               (no ring)
MPRegen 0.13/turn               (no ring)

@: very slightly contaminated
A: high MP 1, forlorn, divine attributes
a: no special abilities


You were on level 4 of the Dungeon.
You visited 1 branch of the dungeon, and saw 4 of its levels.

You collected 97 gold pieces.

Inventory:

Hand Weapons
 c - a +0 whip (weapon)
Armour
 a - a +0 robe (worn)
 e - a +0 pair of gloves (worn)
 i - a +0 kite shield (worn)
Scrolls
 m - 5 scrolls of identify
 n - 6 scrolls of teleportation
 o - 2 scrolls of amnesia {unknown}
 p - 3 scrolls of vulnerability {unknown}
 q - a scroll of enchant weapon {unknown}
Potions
 b - 3 potions of magic
 d - a potion of flight {unknown}
 f - a potion of ambrosia
 g - a potion of mutation {unknown}
 h - a potion of cancellation {unknown}
 j - 2 potions of resistance {unknown}
 k - a potion of attraction {unknown}
 l - a potion of lignification {unknown}
 r - a potion of invisibility {unknown}
 s - a potion of haste {unknown}


   Skills:
 - Level 1.7 Dodging
 - Level 1.7 Stealth
 + Level 1.6 Shields
 + Level 2.8 Spellcasting
 + Level 2.5 Conjurations
 + Level 3.7 Fire Magic


You had 3 spell levels left.
You knew the following spells:

 Your Spells              Type           Power      Damage    Failure   Level
a - Foxfire               Conj/Fire      64%        2x1d7     12%         1
b - Scorch                Fire           36%        2d7       14%         2
c - Conjure Flame         Conj/Fire      16%        6-21      36%         3

Your spell library contained the following spells:

 Spells                   Type           Power      Damage    Failure   Level
 Animate Skeleton         Necr           6%         N/A       41%         1
 Pain                     Necr           12%        1d4       41%         1
 Inner Flame              Hex/Fire       10%        N/A       52%         3
 Vampiric Draining        Necr           3%         2d6       80%         3
 Flame Wave               Conj/Fire      16%        2d6       77%         4


Dungeon Overview and Level Annotations

Branches:
Dungeon (4/15)
 Temple: D:4-7

Shops:
D:1 [

Annotations:
D:2 Sigmund
D:4 Menkaure


Innate Abilities, Weirdness & Mutations

You have an increased reservoir of magic. (+10% MP)
You shall have no god before yourself.
Your divine heritage dramatically boosts your attributes as you level up.


Message History

You conjure some foxfire!
Your foxfire dissipates!
The foxfire hits Menkaure.
Menkaure is lightly damaged.
Menkaure draws the symbol "Udjat" in the dust.
The foxfire hits Menkaure.
Menkaure is lightly damaged.
Casting: Foxfire (safe; 12% risk of failure)
Confirm with . or Enter, or press ? or * to list all spells.
You conjure some foxfire!
The foxfire hits Menkaure.
Menkaure is lightly damaged.
The foxfire hits Menkaure.
Menkaure is burned terribly!
Menkaure is moderately damaged.
Menkaure points at you and mumbles some strange words.
You struggle to resist.
Casting: Foxfire (safe; 12% risk of failure)
Confirm with . or Enter, or press ? or * to list all spells.
You conjure some foxfire!
The foxfire hits Menkaure.
Menkaure is heavily damaged.
You block Menkaure's attack.
Casting: Foxfire (safe; 12% risk of failure)
Confirm with . or Enter, or press ? or * to list all spells.
You conjure some foxfire!
Menkaure hits you!
The foxfire hits Menkaure but does no damage.
Menkaure is heavily damaged.
The foxfire hits Menkaure.
Menkaure is heavily damaged.
Menkaure barely misses you.
Casting: Foxfire (safe; 12% risk of failure)
Confirm with . or Enter, or press ? or * to list all spells.
You miscast Foxfire.
You are very lightly contaminated with residual magic.
Nothing appears to happen.
Menkaure hits you! x2
* * * LOW HITPOINT WARNING * * *
Casting: Foxfire (safe; 12% risk of failure)
Confirm with . or Enter, or press ? or * to list all spells.
You conjure some foxfire!
Menkaure hits you!
You die...

#...#...#...#
#####...#####
#...# # #
##...# ..##.
######..###
.....#
#....)..##
....##........#
#.v#.....)###
#M@#######
##.v# ##.†#
#..# #..# #...
.#.$ ...


You could see Menkaure (fast, ally target).

Vanquished Creatures
  Jessica (D:1)
  Natasha (twice) (D:2)
  3 adders (D:2)
  3 worms (D:2)
  3 dart slugs
  3 orcs (D:3)
  7 ball pythons
  3 endoplasms
  5 giant cockroaches
  6 goblins
  3 hobgoblins
  3 jackals (D:3)
  3 quokkas (D:1)
  8 bats
  3 frilled lizards
  7 kobolds
  6 rats
69 creatures vanquished.

Vanquished Creatures (others)
  214 foxfires
214 creatures vanquished.

Grand Total: 283 creatures vanquished

Notes
Turn   | Place    | Note
-------+----------+-------------------------------------------
     0 | D:1      | kae the Demigod Fire Elementalist began the quest for the
                  | Orb.
     0 | D:1      | Reached XP level 1. HP: 14/14 MP: 5/5
    50 | D:1      | Reached skill level 1 in Conjurations
   104 | D:1      | Found Itwagiz's Armour Shoppe.
   396 | D:1      | Reached XP level 2. HP: 18/20 MP: 2/7
   651 | D:1      | Reached skill level 3 in Fire Magic
   657 | D:1      | Learned a level 2 spell: Scorch
  2129 | D:2      | Reached XP level 3. HP: 26/26 MP: 7/9
  2133 | D:2      | Learned a level 3 spell: Conjure Flame
  2148 | D:2      | Noticed Jessica
  2159 | D:1      | Killed Jessica
  2613 | D:2      | Noticed Natasha
  2616 | D:2      | Killed Natasha
  2617 | D:2      | Reached skill level 1 in Shields
  2617 | D:2      | Reached XP level 4. HP: 33/33 MP: 5/10
  2673 | D:2      | Noticed Sigmund
  3571 | D:2      | Noticed Natasha
  3577 | D:2      | Killed Natasha
  3968 | D:3      | Reached XP level 5. HP: 38/38 MP: 9/12
  4914 | D:4      | Noticed Menkaure
  4930 | D:4      | Mangled by Menkaure

Illustrated notes

Levels and vault maps discovered:
D:1:      dpeg_arrival_ternary, layout_loops_corners, serial_shops,
          nicolae_diamond_shop, st_stairs_11
D:2:      minmay_roachtagon, layout_loops_ring, basic_altar, uniq_jessica,
          uniq_sigmund, uniq_natasha
D:3:      layout_basic
D:4:      layout_cave_pods, nicolae_elevator_lobby_plus, uniq_menkaure

Skill      XL: |  1  2  3 |
---------------+----------+-----
Conjurations   | 1 2 |  2.5
Spellcasting   | 2 |  2.8
Fire Magic     | 3 |  3.7
Shields        | 1 |  1.6
Dodging        | |  1.7
Stealth        | |  1.7

Action                   |  1- 3 |  4- 6 || total
-------------------------+-------+-------++-------
Melee: Unarmed           |     1 |       ||     1
       Whip              |    15 |    33 ||    48
 Cast: Foxfire           |    71 |    59 ||   130
       Scorch            |    13 |    10 ||    23
  Use: Scroll            |     4 |     1 ||     5
Armor: Robe              |    10 |    12 ||    22
Dodge: Dodged            |    31 |    27 ||    58
Block: Kite shield       |    13 |    18 ||    31

Table legend: (Time is in decaauts)
 A = Elapsed time spent in this place.
 B = Non-inter-level travel time spent in this place.
 C = Inter-level travel time spent in this place.
 D = Time resting spent in this place.
 E = Time spent auto-exploring this place.
 F = Levels seen in this place.
 G = Mean time per level.
                   A        B        C        D        E       F      G
               +--------+--------+--------+--------+--------+-----+--------+
         Total |   4944 |   4804 |    140 |    245 |   3939 |   4 | 1236.0 |
       Dungeon |   4944 |   4804 |    140 |    245 |   3939 |   4 | 1236.0 |
               +--------+--------+--------+--------+--------+-----+--------+

Top non-repeatable levels by time:
     D:1: 2140 daAuts
     D:2: 1707 daAuts
     D:3: 1001 daAuts
     D:4: 95 daAuts
